 Dungeon Crawl Stone Soup version 0.24.0-123-gd5b16e6ec5 (webtiles) character file.

Game seed: 920414144571466318, levelgen mode: deterministic

285 ploer the Poker (level 6, -6/38 HPs)
             Began as a Gargoyle Fighter on Jan 31, 2020.
             Was an Initiate of Gozag.
             Mangled by an ice beast (13 damage)
             ... on level 5 of the Dungeon.
             The game lasted 00:08:10 (2783 turns).

ploer the Poker (Gargoyle Fighter)                  Turns: 2783, Time: 00:08:12

Health: -6/38      AC: 11    Str: 22    XL:     6   Next: 29%
Magic:  6/6        EV:  7    Int:  8    God:    Gozag
Gold:   103        SH:  9    Dex:  9    Spells: 5/5 levels left

rFire    . . .     SeeInvis .   a - +0 trident
rCold    . . .     Gourm    .   c - +0 shield
rNeg     + + .     Faith    .   b - +0 scale mail
rPois    ∞         Spirit   .   (no helmet)
rElec    +         Reflect  .   i - scarf {cloud immunity}
rCorr    .         Harm     .   (no gloves)
MR       .....                  (no boots)
Stlth    ..........             (no amulet)
HPRegen  0.12/turn              n - ring of positive energy
MPRegen  0.10/turn              (no ring)

@: gold aura
A: negative energy resistance 1, electricity resistance, unbreathing,
petrification resistance, rot immunity, AC +4
a: Potion Petition, Call Merchant, Bribe Branch, Renounce Religion


You were on level 5 of the Dungeon.
You worshipped Gozag.
Gozag was aware of your devotion.
You were not hungry.

You visited 2 branches of the dungeon, and saw 6 of its levels.

You collected 126 gold pieces.
You paid 23 gold pieces to Gozag.

Inventory:

Hand Weapons
 a - a +0 trident (weapon)
Missiles
 l - 21 poisoned darts (quivered)
Armour
 b - a +0 scale mail (worn)
 c - a +0 shield (worn)
 i - a scarf of cloud immunity (worn)
Jewellery
 n - a ring of positive energy (left hand)
Scrolls
 e - 2 scrolls of remove curse {unknown}
 g - a scroll of random uselessness {unknown}
 h - 3 scrolls of identify {unknown}
 j - 3 scrolls of teleportation {unknown}
 k - a scroll of enchant weapon {unknown}
 m - a scroll of noise {unknown}
 q - a scroll of enchant armour {unknown}
Potions
 d - a potion of might
 o - a potion of brilliance {unknown}
 p - a potion of lignification {unknown}
 r - a potion of curing {unknown}
 s - a potion of flight {unknown}
Comestibles
 f - 7 rations


   Skills:
 - Level 3.8 Fighting
 + Level 4.6 Polearms
 - Level 3.9 Armour
 - Level 0.7 Dodging
 - Level 0.5 Stealth
 - Level 4.2 Shields


You had 5 spell levels left.
You didn't know any spells.
Your spell library was empty.

Dungeon Overview and Level Annotations

Branches:
Dungeon (5/15)             Temple (1/1) D:4

Altars:
Ashenzari
Cheibriados
Dithmenos
Elyvilon
Fedhas
Gozag
Hepliaklqana
Kikubaaqudgha
Makhleb
Nemelex Xobeh
Okawaru
Qazlal
Ru
Sif Muna
Trog
Uskayaw
Vehumet
Wu Jian
Xom
Yredelemnul
Zin
The Shining One


Innate Abilities, Weirdness & Mutations

You are resistant to torment.
Your stone body is resilient. (AC +4)
You are immune to poison.
You resist negative energy. (rN+)
You are resistant to electric shocks. (rElec)
You can survive without breathing.
You are immune to petrification.
You are immune to rotting.


Message History

The ice beast is heavily wounded.
The ice beast hits you. The ice beast freezes you.
* * * LOW HITPOINT WARNING * * *
You completely miss the ice beast.
The ice beast is heavily wounded.
You block the ice beast's attack.
You closely miss the ice beast.
The ice beast is heavily wounded.
The ice beast hits you but does no damage.
You completely miss the ice beast.
The ice beast is heavily wounded.
The ice beast hits you but does no damage.
You hit the ice beast.
The ice beast is heavily wounded.
The ice beast hits you but does no damage.
The ice beast hits you.
* * * LOW HITPOINT WARNING * * *
The ice beast freezes you!
You die...
Your body crumbles into a pile of gold.

...##...§§§#8#§§....#######
...##...#########○.##
#####...# #§# #.○# ###.#
#§# #..# ..####§####..#
......°°°°....#
.#######°°....###
#......(.# ####@....#
####$Y...# #........#
.........#### .........#
.......... .......?...
...........# ..##.......#


You could see an ice beast.

Vanquished Creatures
  A crimson imp (D:3)
  A hound (D:4)
  A bullfrog skeleton (D:4)
  5 gnolls
  4 adders
  An ooze (D:3)
  An adder skeleton (D:5)
  3 worms
  2 dart slugs (D:2)
  3 leopard geckos
  An orc (D:3)
  6 giant cockroaches
  12 hobgoblins
  4 jackals
  9 kobolds
  2 quokkas (D:2)
  2 ball pythons
  10 bats
  5 frilled lizards
  7 goblins
  5 rats
85 creatures vanquished.

Vanquished Creatures (others)
  An adder (D:5)
  A leopard gecko zombie (D:5)
2 creatures vanquished.

Grand Total: 87 creatures vanquished

Notes
Turn   | Place    | Note
-------+----------+-------------------------------------------
     0 | D:1      | ploer the Gargoyle Fighter began the quest for the Orb.
     0 | D:1      | Reached XP level 1. HP: 14/14 MP: 1/1
    41 | D:1      | Reached XP level 2. HP: 16/19 MP: 2/2
   155 | D:1      | Reached XP level 3. HP: 3/23 MP: 3/3
  1166 | D:2      | Reached XP level 4. HP: 28/28 MP: 4/4
  1300 | D:2      | Found a shimmering altar of Xom.
  1510 | D:3      | Reached XP level 5. HP: 31/33 MP: 5/5
  2292 | D:4      | Found a staircase to the Ecumenical Temple.
  2305 | Temple   | Entered the Ecumenical Temple
  2348 | Temple   | Became a worshipper of Gozag Ym Sagoz the Greedy
  2397 | D:4      | Reached XP level 6. HP: 28/38 MP: 6/6
  2424 | D:4      | Found an ancient bone altar of Kikubaaqudgha.
  2529 | D:5      | Entered Level 5 of the Dungeon
  2765 | D:5      | Noticed an ice beast
  2783 | D:5      | Mangled by an ice beast

Levels and vault maps discovered:
D:1:      minmay_arrival_cross, layout_basic
D:2:      layout_loops_ring, first_ration, tgw_xom
D:3:      layout_basic
D:4:      layout_basic, overflow_temple_1_default,
          minmay_temple_entry_statues_fountains, lightli_minifort
D:5:      layout_basic, lemuel_flamethrower_2
Temple:   compressed_dpeg_circular_temple

Skill      XL: |  1  2  3  4  5 |
---------------+----------------+-----
Polearms       | 2 4 |  4.6
Shields        | 4 |  4.2
Fighting       | |  3.8
Armour         | |  3.9
Dodging        | |  0.7
Stealth        | |  0.5

Action                   |  1- 3 |  4- 6 || total
-------------------------+-------+-------++-------
Melee: Trident           |   189 |   269 ||   458
Throw: Dart              |       |     2 ||     2
Invok: Potion Petition   |       |     1 ||     1
  Eat: Chunk             |     1 |     4 ||     5
       Ration            |       |     1 ||     1
Armor: Scale mail        |   121 |   199 ||   320
Dodge: Dodged            |    76 |   103 ||   179
Block: Shield            |   115 |   185 ||   300
